Map: World of Sleepers LE

Players

Elazer - Winner!

  • Race: Zerg Zerg
  • League: Master
  • Spawn Location: 1:00

MEDOED

  • Race: Zerg Zerg
  • Spawn Location: 7:00

Event: NationWars 2019

VOD

Have the link to the VOD?

Description

Time

  • Played on: Oct. 13, 2019, 2:06 p.m.
  • Length: 6:38
Show
View Real Time Build Order
Export as new Build Order

Elazer Zerg - Winner!

Build Orders: Hatch First 

Get SALT Encoding   

  12  0:00  Drone  
  13  0:12  Overlord  
  13  0:17  Drone  
  14  0:31  Drone x2  
  16  0:48  Hatchery  
  15  0:52  Drone  
  15  0:55  Drone  
  17  0:58  Drone  
  18  1:10  Extractor  
  17  1:13  Spawning Pool  
  17  1:16  Drone  
  17  1:19  Drone  
  18  1:27  Drone  
  19  1:39  Drone  
  20  1:50  Drone  
  21  1:59  Drone, Queen  
  21  2:00  Overlord, Queen  
  26  2:10  Zergling x2  
  26  2:11  Zergling x2  
  26  2:12  Metabolic Boost  
  28  2:21  Zergling x2  
  28  2:22  Drone  
  30  2:32  Drone  
  30  2:33  Drone  
  32  2:43  Overlord  
  32  2:44  Drone  
  33  2:55  Overlord  
  33  2:56  Drone  
  34  3:00  Hatchery  
  34  3:05  Drone  
  34  3:06  Drone  
  35  3:15  Zergling x2  
  35  3:16  Zergling x6  
  35  3:19  Drone x3  
  43  3:20  Drone  
  43  3:25  Evolution Chamber  
  42  3:28  Drone  
  42  3:29  Drone  
  44  3:38  Drone  
  45  3:41  Drone  
  45  3:42  Queen  
  45  3:45  Drone x3  
  45  3:47  Drone x2  
  51  3:52  Overlord  
  49  3:56  Drone x2  
  49  4:00  Zerg Missile Weapons Level 1, Extractor  
  49  4:06  Drone x2  
  49  4:07  Roach Warren  
  49  4:15  Drone x5  
  49  4:16  Extractor  
  53  4:21  Overlord  
  53  4:24  Lair  
  52  4:26  Overlord  
  52  4:36  Spine Crawler  
  51  4:43  Overlord  
  51  4:50  Roach x8  
  67  4:54  Roach  
  67  4:58  Roach x2  
  73  5:00  Roach  
  73  5:03  Roach  
  73  5:04  Roach  
  79  5:08  Roach x2  
  79  5:13  Overlord  
  85  5:14  Roach  
  85  5:17  Roach x2  
  89  5:25  Overlord  
  89  5:37  Overseer, Extractor  
  89  5:38  Roach  
  89  5:42  Roach  
  92  5:43  Overlord  
  92  5:47  Roach  
  94  5:54  Roach x3  
  100  5:58  Roach  
  100  6:01  Overlord x2  
  100  6:02  Roach  
  104  6:09  Roach x3  
  102  6:12  Roach  
  102  6:15  Roach  
Show
View Real Time Build Order
Export as new Build Order

MEDOED Zerg 

Build Orders: Pool First 

Get SALT Encoding   

  12  0:01  Drone  
  13  0:12  Overlord  
  13  0:18  Drone  
  14  0:31  Drone x2  
  16  0:40  Spawning Pool  
  15  0:45  Drone  
  15  0:48  Drone  
  17  0:57  Drone  
  18  1:12  Hatchery  
  17  1:27  Zergling x4  
  17  1:28  Zergling x2  
  17  1:30  Queen  
  22  1:32  Extractor  
  21  1:42  Overlord  
  21  1:52  Drone  
  22  2:05  Drone  
  22  2:06  Queen  
  25  2:16  Drone  
  27  2:22  Drone  
  27  2:32  Drone  
  28  2:41  Drone x3  
  28  2:43  Drone x2  
  33  2:44  Lair  
  33  2:51  Overlord  
  33  2:55  Drone  
  34  3:02  Evolution Chamber  
  34  3:03  Roach Warren  
  32  3:06  Drone x2  
  34  3:16  Spine Crawler, Extractor  
  34  3:18  Drone x2, Extractor  
  33  3:22  Drone x2  
  33  3:26  Drone  
  36  3:36  Zerg Missile Weapons Level 1  
  35  3:53  Roach x5  
  43  3:59  Roach  
  42  4:10  Overlord x2  
  42  4:19  Glial Reconstitution  
  42  4:23  Roach  
  44  4:26  Overlord  
  44  4:30  Roach x2  
  48  4:33  Roach  
  50  4:41  Roach x2  
  54  4:46  Roach  
  56  4:53  Roach x2  
  56  4:56  Roach  
  62  5:01  Roach  
  62  5:06  Roach  
  66  5:10  Roach  
  66  5:13  Overlord  
  68  5:23  Overlord  
  68  5:26  Roach  
  68  5:31  Roach x2  
  68  5:33  Ravager  
  73  5:43  Roach  
  75  5:59  Ravager  
Tags
 
Add a new tag
Caveats
  • Supply blocks, unpowered buildings, or Contaminate may cause inaccurate times.
  • Supply counts are checked every 10 seconds.